 Dungeon Crawl Stone Soup version 0.31-a0-1370-gf52a5a9ab3 (webtiles) character file.

Game seed: 6968657195880266699

103958 Gantz the Warrior (level 15, -5/220 HPs)
             Began as a Minotaur Berserker on Dec 23, 2023.
             Was a High Priest of Trog.
             Slain by a redback (11 damage)
             ... on level 1 of the Spider Nest on Dec 24, 2023.
             The game lasted 01:00:06 (27175 turns).

Gantz the Warrior (Minotaur Berserker)             Turns: 27175, Time: 01:00:08

Health: -5/220     AC: 27    Str: 29    XL:     15   Next: 90%
Magic:  14/14      EV:  2    Int: 10    God:    Trog [*****.]
Gold:   3185       SH:  0    Dex:  8    Spells: 14/14 levels left

rFire   . . .        z - +11 flail of the Exiled Thickets {elec, rElec rN+ SInv}
rCold   . . .        T - +18 shield of the Gong {Loud rN+ Will+ rCorr EV-5}
rNeg    + + .        R - melded +0 plate armour
rPois   +            g - melded +0 hat "Oditsath" {rElec rCorr Dex+2}
rElec   +            X - melded +2 ratskin cloak {*Rats rPois rN+ Str-1 Int-1 Dex+1}
rCorr   +            x - melded +1 pair of gloves
SInv    +            C - melded +0 pair of boots
Will    +++..        b - amulet of the Demonic God {Regen+ Str+4}
Stlth   +            i - +5 ring of evasion
HPRegen 1.36/turn    J - ring of flight
MPRegen 0.14/turn

%: no passive effects
@: confused, lethally poisoned (-5 -> -19), tree-form
A: stationary, stasis, torment immunity, boosted hp, (horns 2), (retaliatory
headbutt), (camouflage 1), clever 1, strong-willed 1, weak 1
a: Renounce Religion, Berserk, Trog's Hand, Brothers in Arms


You were on level 1 of the Spider Nest.
You worshipped Trog.
Trog was extremely pleased with you.
You were a tree.
You visited 4 branches of the dungeon, and saw 22 of its levels.
You also visited: Sewer and Bailey.

You collected 3185 gold pieces.

Inventory:

Hand Weapons
 o - the +7 morningstar of Sunlight {flame, rN++ Str+2}
   (You acquired it on level 5 of the Lair of Beasts)

   Str+2:     It affects your strength (+2).
   rN++:      It greatly protects you from negative energy.
 q - a +1 demon whip of flaming
 z - the +11 flail of the Exiled Thickets (weapon) {elec, rElec rN+ SInv}
   (You found it in a sewer)

   rElec:     It insulates you from electricity.
   rN+:       It protects you from negative energy.
   SInv:      It lets you see invisible.
Missiles
 s - 4 throwing nets
Armour
 g - the +0 hat "Oditsath" (melded) {rElec rCorr Dex+2}
   (You acquired it on level 5 of the Lair of Beasts)

   Dex+2:     It affects your dexterity (+2).
   rElec:     It insulates you from electricity.
   rCorr:     It protects you from acid and corrosion.
 x - a +1 pair of gloves (melded)
 C - a +0 pair of boots (melded)
 R - a +0 plate armour (melded)
 T - the +18 shield of the Gong (worn) {Loud rN+ Will+ rCorr EV-5}
   (You found it on level 9 of the Dungeon)

   Loud:      It is deafeningly noisy when blocking attacks.
   EV-5:      It affects your evasion (-5).
   rN+:       It protects you from negative energy.
   Will+:     It increases your willpower.
   rCorr:     It protects you from acid and corrosion.
 X - the +2 ratskin cloak (melded) {*Rats rPois rN+ Str-1 Int-1 Dex+1}
   (You found it on level 12 of the Dungeon)

   *Rats:     When the wearer is hurt, rats may emerge from it to assist them.
   Str-1:     It affects your strength (-1).
   Int-1:     It affects your intelligence (-1).
   Dex+1:     It affects your dexterity (+1).
   rPois:     It protects you from poison rN+: It protects you from negative
   energy.
Jewellery
 b - the amulet of the Demonic God (around neck) {Regen+ Str+4}
   (You took it off a tengu warrior on level 9 of the Dungeon)

   [amulet of regeneration]

   Str+4:     It affects your strength (+4).
   Regen+:    It increases your rate of health regeneration.
 i - a +5 ring of evasion (left branch)
 v - a ring of resist corrosion
 J - a ring of flight (right branch)
Wands
 e - a wand of quicksilver (11)
 y - a wand of flame (39)
 H - a wand of charming (8)
 P - a wand of polymorph (17)
 W - a wand of digging (10)
Scrolls
 a - 2 scrolls of enchant weapon
 c - 5 scrolls of teleportation
 d - 13 scrolls of blinking
 j - 2 scrolls of torment
 k - a scroll of amnesia
 n - 11 scrolls of identify
 p - 2 scrolls of brand weapon
 u - 3 scrolls of revelation
 A - 3 scrolls of fog
 B - a scroll of enchant armour
 E - 3 scrolls of immolation
 F - a scroll of silence
 U - 2 scrolls of poison
Potions
 f - a potion of heal wounds
 h - 5 potions of degeneration
 l - 2 potions of brilliance
 m - 4 potions of magic
 t - 6 potions of curing
 w - a potion of enlightenment
 D - 5 potions of might
 I - 2 potions of mutation
 K - 8 potions of ambrosia
 L - 3 potions of invisibility
 O - 4 potions of cancellation
 S - 3 potions of haste
 V - a potion of attraction
 Y - a potion of resistance
Miscellaneous
 r - a phial of floods


   Skills:
 + Level 17.0 Fighting
 - Level 14.2 Maces & Flails
 + Level 16.8 Armour
 + Level 15.4 Dodging
 + Level 13.5 Shields


You had 14 spell levels left.
You didn't know any spells.
Your spell library was empty.

Dungeon Overview and Level Annotations

Branches:
Dungeon (13/15)            Temple (0/1) D:5            Lair (5/5) D:8
 Shoals (0/4) Lair:3       Spider (2/4) Lair:2        Slime (0/5) Lair:5
    Orc (2/2) D:9             Elf (0/3) Orc:2        Vaults (0/5) D:13
  Sewer (visited)          Bailey (visited)

Altars:
Fedhas
Hepliaklqana
Makhleb
Qazlal
Uskayaw
Vehumet
Wu Jian
Xom
Zin
Jiyva

Shops:
D:3 =   D:4 !   Orc:1 :   Orc:2 *?!![

Annotations:
D:6 exclusion: oklob plant


Innate Abilities, Weirdness & Mutations

You are a tree.
Your roots penetrate the ground, keeping you stationary.
You cannot be teleported.
You are immune to unholy pain and torment.
Your maximum health is greatly increased.
Your equipment is partially melded.
((You have a pair of horns on your head.))
((You reflexively headbutt those who attack you in melee.))
((Your skin changes colour to match your surroundings (Stealth+).))
Your mind is acute. (Int +4, Str/Dex -1)
You are strong-willed. (Will+)
You are weak. (Str -2)


Message History

You feel extremely sick.
The redback bites you but does no damage. x2
The wolf spider hits you but does no damage.
The wolf spider bites you but does no damage.
The tarantella touches you but does no damage.
Your river rat bites the redback.
The redback bites you but does no damage.
The redback bites you!
* * * LOW HITPOINT WARNING * * *
The wolf spider hits you but does no damage.
The wolf spider bites you but does no damage.
You cannot move. (Use ctrl+direction or * direction to attack while stationary and confused.)
You are too confused!
You cannot move. (Use ctrl+direction or * direction to attack while stationary and confused.)
You cannot move. (Use ctrl+direction or * direction to attack while stationary and confused.)
You cannot move. (Use ctrl+direction or * direction to attack while stationary and confused.)
You cannot move. (Use ctrl+direction or * direction to attack while stationary and confused.)
You cannot move. (Use ctrl+direction or * direction to attack while stationary and confused.)
You cannot move. (Use ctrl+direction or * direction to attack while stationary and confused.)
* * * LOW HITPOINT WARNING * * *
You feel extremely sick.
The tarantella touches you but does no damage.
The redback bites you but does no damage. x2
The wolf spider hits you but does no damage.
The wolf spider bites you but does no damage.
Your river rat barely misses the redback.
The tarantella touches you but does no damage.
You feel much better.
You feel extremely sick. The redback barely misses you.
The redback bites you but does no damage.
The wolf spider hits you!
* * * LOW HITPOINT WARNING * * *
The wolf spider bites you.
* * * LOW HITPOINT WARNING * * *
The tarantella touches you.
* * * LOW HITPOINT WARNING * * *
Your river rat bites the redback but does no damage.
The redback bites you!
You die...

##(.....#......#..#..#..#^.#..##.
#.##.....#.#..##.#.#....#.#....#
##.##..##......#.^#...#...^#..#[s
#.....#...#.##.#.#..#..##.##...#.
#.#...##.#.#..#....#.#....##....#
##.....#..#.##.#^..#..#.#.#..#...
#..#.#..#..(......r#.#...#..#..##
...#..#.#.##..#†#s..#.#..#.#.....
##^#.#...#...#^s♣s#..#.#..#.#.#.#
###.....##..#.#s#.#(..#....#####
###.#........s#.#.#.^..#..#
##.##.##.###......#.#.###
#####.#.....#.#.#...#.##
##..#...#..#...#...#
###..###.#.#....###
#..#.....#..#### #####..##...###


You could see a wolf spider, 2 tarantellas, 2 redbacks and a friendly river rat.

Vanquished Creatures
  2 ghost moths (Spider:1)
  A broodmother (Spider:1)
  The ghost of bumbalina the Brawler, a journeyman TrFi of Cheibriados (Orc:1)
  A spark wasp (Spider:1)
  An ettin (Orc:2)
  Josephine (Lair:3)
  The ghost of Gikes the Grappler, a journeyman TrFi of Ru (Orc:1)
  2 fire dragons
  Erolcha (Orc:2)
  An entropy weaver (Spider:1)
  4 hydras
  5 centaur warriors
  2 catoblepae
  A radroach (Spider:2)
  A hell hog (Lair:5)
  5 two-headed ogres
  3 boulder beetles
  7 death yaks (Lair:4)
  An orc high priest (Orc:2)
  A tengu warrior (D:9)
  2 demonic crawlers (Spider:1)
  A pharaoh ant (Spider:1)
  An orb spider (Spider:1)
  A swamp dragon (Lair:5)
  A deep elf pyromancer (D:13)
  5 wolf spiders
  5 orc knights
  2 oklob plants (Lair:5)
  An ugly thing (D:12)
  An orc sorcerer (Orc:2)
  A steelbarb worm (Spider:1)
  2 cyclopes (D:13)
  4 manticores
  Maurice (D:12)
  2 moths of wrath (Spider:1)
  5 elephants (Lair:4)
  2 vault sentinels (D:9)
  6 kobold blastminers
  16 cane toads
  3 torpor snails
  3 black mambas
  A kobold demonologist (D:12)
  6 rime drakes (Lair:5)
  10 komodo dragons
  A queen bee (D:8)
  10 trolls
  A meliai (D:9)
  13 polar bears
  11 tarantellas
  2 hornets
  4 dream sheep (Lair:4)
  7 blink frogs
  3 raiju (Lair:5)
  Prince Ribbit (Lair:1)
  A tarantella (shapeshifter) (D:9)
  3 shadows (D:9)
  6 culicivoras
  6 wyverns
  7 spriggans (Bailey)
  8 jumping spiders
  29 yaks
  A vampire (D:11)
  5 wraiths (Lair:2)
  Grum (Lair:1)
  8 basilisks
  10 wargs
  3 vampire mosquitoes (D:13)
  3 steam dragons
  14 redbacks
  Edmund (D:5)
  15 water moccasins
  2 acid dragons
  12 hell hounds (Lair:5)
  2 swamp drakes (Lair:5)
  2 sky beasts (D:6)
  15 black bears
  15 orc warriors
  An ice beast (D:7)
  13 ogres
  26 wolves
  3 centaurs
  2 kobold brigands (D:9)
  3 scorpions
  7 bullfrogs
  2 gnoll sergeants
  8 wights
  28 killer bees
  An electric eel (Spider:1)
  7 howler monkeys
  3 jellies (D:7)
  10 orc priests
  Crazy Yiuf (D:6)
  5 gnoll boudas
  3 hounds
  7 iguanas
  A sleepcap (D:6)
  Ijyb (D:5)
  Terence (D:3)
  22 orc wizards
  Robin (D:3)
  55 gnolls
  16 adders
  A river rat (D:5)
  12 white imps (Lair:5)
  4 ufetubi
  2 worms
  2 dart slugs
  57 orcs
  8 bats
  16 endoplasms
  14 giant cockroaches
  8 hobgoblins
  16 jackals
  18 kobolds
  A quokka (shapeshifter) (D:13)
  8 quokkas
  14 ball pythons
  6 frilled lizards
  20 goblins
  9 rats
789 creatures vanquished.

Vanquished Creatures (collateral kills)
  Frances (Spider:1)
  A minotaur (Orc:1)
  Snorg (Orc:2)
  A hydra (Lair:4)
  An ogre mage (Orc:2)
  A death yak (Lair:4)
  2 orc high priests (Orc:2)
  An orc knight (Orc:2)
  An orc sorcerer (Orc:2)
  5 oklob plants (Lair:5)
  A wolf spider (Spider:1)
  A komodo dragon (Lair:4)
  A blink frog (Lair:2)
  A culicivora (Spider:1)
  4 jumping spiders (Spider:1)
  A water moccasin (Lair:4)
  An orc warrior (Orc:2)
  2 wolves
  An orc priest (Orc:2)
  An orc wizard (Orc:2)
  3 orcs (Orc:2)
32 creatures vanquished.

Vanquished Creatures (others)
  A rime drake (Lair:5)
  An orc priest (Orc:2)
  An orc wizard (Orc:2)
  A kobold (D:9)
4 creatures vanquished.

Grand Total: 825 creatures vanquished

Notes
Turn   | Place    | Note
-------+----------+-------------------------------------------
     0 | D:1      | Gantz the Minotaur Berserker began the quest for the Orb.
     0 | D:1      | Reached XP level 1. HP: 19/19 MP: 0/0
   104 | D:1      | Reached XP level 2. HP: 15/26 MP: 1/1
   365 | D:1      | Reached skill level 5 in Maces & Flails
   393 | D:1      | Reached ** piety under Trog
   433 | D:1      | Reached XP level 3. HP: 31/31 MP: 2/2
  1051 | D:2      | Reached XP level 4. HP: 39/39 MP: 3/3
  1662 | D:3      | Noticed Robin
  1861 | D:3      | Killed Robin
  1861 | D:3      | Noticed Terence
  1879 | D:3      | Killed Terence
  1880 | D:3      | Reached XP level 5. HP: 8/45 MP: 4/4
  2266 | D:3      | Reached *** piety under Trog
  2340 | D:3      | Reached XP level 6. HP: 42/51 MP: 5/5
  2718 | D:3      | Reached XP level 7. HP: 57/57 MP: 6/6
  2843 | D:3      | Reached **** piety under Trog
  2844 | D:3      | Reached skill level 10 in Maces & Flails
  3143 | D:3      | Found Kannuathre's Jewellery Shoppe.
  3732 | D:4      | Found Zenukiqe's Distillery.
  3767 | D:4      | Reached XP level 8. HP: 64/64 MP: 7/7
  3882 | D:4      | Found a stormy altar of Qazlal.
  4537 | D:5      | Entered Level 5 of the Dungeon
  4537 | D:5      | Noticed Ijyb
  4544 | D:5      | Killed Ijyb
  4869 | D:5      | Found a glowing drain.
  4872 | D:5      | Reached ***** piety under Trog
  4882 | Sewer    | Entered a sewer
  5291 | Sewer    | Identified the +11 flail of the Exiled Thickets {elec,
                  | rElec rN+ SInv}
  5473 | D:5      | Noticed Edmund
  5487 | D:5      | Killed Edmund
  5696 | D:5      | Found a staircase to the Ecumenical Temple.
  6019 | D:6      | Reached XP level 9. HP: 70/70 MP: 8/8
  6273 | D:6      | Reached skill level 4 in Fighting
  6379 | D:6      | Found a blossoming altar of Fedhas.
  6403 | D:6      | Noticed an oklob plant
  6509 | D:6      | Found a burning altar of Makhleb.
  6774 | D:6      | Found a runed translucent door.
  6775 | D:6      | Noticed Crazy Yiuf
  6976 | D:6      | Killed Crazy Yiuf
  7299 | D:7      | Received a gift from Trog
  7300 | D:7      | Reached skill level 5 in Fighting
  7382 | D:7      | Found a glowing silver altar of Zin.
  7583 | D:7      | Reached skill level 5 in Armour
  8150 | D:8      | Found a radiant altar of Vehumet.
  8165 | D:8      | Noticed a manticore
  8173 | D:8      | Killed a manticore
  8174 | D:8      | Reached skill level 6 in Fighting
  8174 | D:8      | Reached skill level 5 in Dodging
  8380 | D:8      | Reached XP level 10. HP: 67/84 MP: 9/9
  8451 | D:8      | Reached skill level 7 in Fighting
  8937 | D:8      | Found a staircase to the Lair.
  9539 | D:9      | Noticed a +0 hand axe
  9540 | D:9      | Noticed a +0 dagger
  9566 | D:9      | Reached skill level 8 in Fighting
  9678 | D:9      | Found a flagged portal.
  9703 | Bailey   | Entered a bailey
  9954 | Bailey   | Reached skill level 9 in Fighting
 10112 | Bailey   | Noticed a two-headed ogre
 10122 | Bailey   | Killed a two-headed ogre
 10125 | Bailey   | Reached XP level 11. HP: 97/97 MP: 10/10
 10993 | D:8      | Reached skill level 10 in Fighting
 11465 | D:9      | Noticed a centaur warrior
 11469 | D:9      | Killed a centaur warrior
 11878 | D:9      | Paralysed by a hornet for 1 turns
 11881 | D:9      | Reached skill level 10 in Armour
 11883 | D:9      | Received a gift from Trog
 12001 | D:9      | Noticed a two-headed ogre
 12012 | D:9      | Killed a two-headed ogre
 12013 | D:9      | Reached skill level 11 in Fighting
 12103 | D:9      | Found the +18 shield of the Gong {Loud rN+ Will+ rCorr
                  | EV-5}
 12166 | D:9      | Reached skill level 1 in Shields
 12490 | D:9      | Found a staircase to the Orcish Mines.
 12498 | D:9      | Noticed a centaur warrior
 12505 | D:9      | Killed a centaur warrior
 12506 | D:9      | Reached skill level 10 in Dodging
 12507 | D:9      | Found a hide-covered altar of Uskayaw.
 12610 | D:9      | Identified the amulet of the Demonic God {Regen+ Str+4}
 12610 | D:9      | Noticed a tengu warrior
 12619 | D:9      | Killed a tengu warrior
 12653 | D:9      | Identified the +9 hand axe of Ignis, Forging {drain, +Blink
                  | rElec}
 12653 | D:9      | Noticed an orc knight
 12664 | D:9      | Killed an orc knight
 12665 | D:9      | Reached XP level 12. HP: 100/110 MP: 11/11
 12801 | D:10     | Entered Level 10 of the Dungeon
 12972 | D:10     | Found a shimmering altar of Xom.
 12973 | D:10     | Found a hazy altar of Hepliaklqana.
 13122 | D:10     | Found an ornate altar of the Wu Jian Council.
 13529 | D:11     | Noticed a two-headed ogre
 13536 | D:11     | Killed a two-headed ogre
 13591 | D:11     | Noticed a centaur warrior
 13598 | D:11     | Killed a centaur warrior
 13871 | D:12     | Found the +2 ratskin cloak {*Rats rPois rN+ Str-1 Int-1
                  | Dex+1}
 13929 | D:12     | Noticed a boulder beetle
 13938 | D:12     | Killed a boulder beetle
 13955 | D:12     | Reached skill level 12 in Fighting
 13962 | D:12     | Noticed Maurice
 13987 | D:12     | Killed Maurice
 14467 | D:12     | Identified a scroll of acquirement
 14467 | D:12     | Acquired an amulet of reflection
 14645 | D:12     | Gained mutation: You have sharp toenails. [potion of
                  | mutation]
 14645 | D:12     | Gained mutation: Your mind is acute. (Int +4, Str/Dex -1)
                  | [potion of mutation]
 14645 | D:12     | Gained mutation: You have very sharp teeth. [potion of
                  | mutation]
 14901 | D:13     | Noticed a boulder beetle
 14916 | D:13     | Killed a boulder beetle
 14917 | D:13     | Reached skill level 5 in Shields
 14936 | D:13     | Noticed a centaur warrior
 14945 | D:13     | Killed a centaur warrior
 14997 | D:13     | Received a gift from Trog
 15186 | D:13     | Noticed a catoblepas
 15204 | D:13     | Killed a catoblepas
 15273 | D:13     | Noticed a two-headed ogre
 15281 | D:13     | Killed a two-headed ogre
 15294 | D:13     | Noticed a centaur warrior
 15306 | D:13     | Killed a centaur warrior
 15319 | D:13     | Found a gate to the Vaults.
 16177 | Lair:1   | Entered Level 1 of the Lair of Beasts
 16185 | Lair:1   | Noticed Grum
 16195 | Lair:1   | Reached skill level 13 in Fighting
 16202 | Lair:1   | Killed Grum
 16219 | Lair:1   | Reached XP level 13. HP: 119/122 MP: 12/12
 16227 | Lair:1   | Noticed Prince Ribbit
 16258 | Lair:1   | Killed Prince Ribbit
 16455 | Lair:1   | Lost mutation: You have very sharp teeth. [potion of
                  | mutation]
 16455 | Lair:1   | Lost mutation: You have sharp toenails. [potion of
                  | mutation]
 16455 | Lair:1   | Gained mutation: You are strong-willed. (Will+) [potion of
                  | mutation]
 16455 | Lair:1   | Gained mutation: You are weak. (Str -2) [potion of
                  | mutation]
 16455 | Lair:1   | Gained mutation: Your skin changes colour to match your
                  | surroundings (Stealth+). [potion of mutation]
 17222 | Lair:2   | Found a hole to the Spider Nest.
 17358 | Lair:2   | Acquired 1091 gold pieces
 17939 | Lair:3   | Noticed Josephine
 17958 | Lair:2   | Reached ****** piety under Trog
 18202 | Lair:3   | Killed Josephine
 18203 | Lair:3   | Reached skill level 14 in Fighting
 18559 | Lair:3   | Found a staircase to the Shoals.
 18982 | Lair:4   | Received a gift from Trog
 19301 | Lair:4   | a seven-headed hydra changed into a fire dragon
 19301 | Lair:4   | Noticed a fire dragon
 19308 | Lair:4   | Killed a fire dragon
 19531 | Lair:4   | Reached XP level 14. HP: 133/133 MP: 13/13
 19909 | Lair:4   | Reached skill level 10 in Shields
 20054 | Lair:5   | Entered Level 5 of the Lair of Beasts
 20706 | Lair:5   | Reached skill level 15 in Fighting
 20773 | Lair:5   | Received a gift from Trog
 21195 | Lair:5   | Reached skill level 15 in Armour
 21240 | Lair:5   | Received a gift from Trog
 21351 | Lair:5   | Identified the +7 whip "Jeckena" {spect, rC+ rCorr}
 22323 | Lair:5   | Found a viscous altar of Jiyva.
 22324 | Lair:5   | Acquired the +0 hat "Oditsath" {rElec rCorr Dex+2}
 22340 | Lair:5   | Acquired the +7 morningstar of Sunlight {flame, rN++ Str+2}
 22569 | Lair:5   | Found a staircase to the Slime Pits.
 23009 | Orc:1    | Entered Level 1 of the Orcish Mines
 23009 | Orc:1    | Found a large runed translucent door.
 23009 | Orc:1    | Found a large runed translucent door.
 23020 | Orc:1    | Noticed Gikes's ghost (journeyman TrFi)
 23057 | D:9      | Reached XP level 15. HP: 107/143 MP: 14/14
 23556 | Orc:1    | Killed Gikes's ghost
 23582 | Orc:2    | Entered Level 2 of the Orcish Mines
 23582 | Orc:2    | Found a runed translucent gate.
 23582 | Orc:2    | Found a runed translucent gate.
 23582 | Orc:2    | Found a runed translucent gate.
 23582 | Orc:2    | Found Tosiune's Antique Armour Shoppe.
 23582 | Orc:2    | Found a staircase to the Elven Halls.
 23582 | Orc:2    | Noticed Erolcha
 23587 | Orc:2    | Killed Erolcha
 23596 | Orc:2    | Reached skill level 16 in Fighting
 23602 | Orc:2    | Received a gift from Trog
 23627 | Orc:2    | Noticed Snorg
 23630 | Orc:2    | Killed Snorg
 23813 | Orc:2    | Noticed bumbalina's ghost (journeyman TrFi)
 24151 | Orc:2    | Found Diaseror's Distillery.
 24151 | Orc:2    | Found Gatusahea's Distillery.
 24154 | Orc:2    | Found Gaeruna's Magic Scroll Boutique.
 24154 | Orc:2    | Found Oceages's Assorted Antiques.
 24331 | Orc:1    | Killed bumbalina's ghost
 24776 | Orc:1    | Found Siof's Book Emporium.
 24995 | Spider:1 | Entered Level 1 of the Spider Nest
 25050 | Spider:1 | Received a gift from Trog
 25050 | Spider:1 | Noticed Frances
 25055 | Spider:1 | Killed Frances
 25056 | Spider:1 | Reached skill level 15 in Dodging
 26270 | Spider:2 | Reached skill level 17 in Fighting
 27174 | Spider:1 | HP: 5/220 [poisoned by a redback]
 27175 | Spider:1 | Slain by a redback

Illustrated notes

Levels and vault maps discovered:
D:1:      lemuel_arrival_room, layout_loops_ring
D:2:      layout_loops_ring
D:3:      lemuel_castle_with_subvaults [lemuel_castle_interior_carwin_3],
          layout_loops_ring, serial_shops, shop, uniq_terence, uniq_robin
D:4:      layout_basic, grunt_qazlal_clouds, serial_shops,
          nicolae_shop_hallway_plus
D:5:      layout_cave_pools, minmay_temple_entry_gardened_gates,
          portal_sewer_entry_a, uniq_ijyb, uniq_edmund
D:6:      nicolae_cairo_tiling, layout_basic, tgw_fedhas,
          mainiacjoe_overflow_boulevard, uniq_crazy_yiuf_cottage
D:7:      layout_loops_corners, zin_treasury
D:8:      layout_basic, kennysheep_mini_moat, erik_lair_dragon
D:9:      minmay_chopped_fan, layout_basic, dancing_weapons_uskayaw,
          minmay_orc_entry_temple_small, special_room [special_room_bee],
          enter_bailey_5, columned_hall_lemuel, hellmonk_guarded_unrand_gong
D:10:     layout_cave_pods, regret_index_temple_of_mockery,
          mainiacjoe_overflow_six_doors_small
D:11:     layout_cave_pools
D:12:     layout_rooms, uniq_maurice
D:13:     layout_loops_corners, david_vaults_1
Lair:1:   layout_regular_city, lemuel_old_faithful, infiniplex_staircase_pool_2,
          uniq_grum, uniq_prince_ribbit2
Lair:2:   layout_cave_shapes, spider_nest_entry_webs, gauntlet_entry_generic,
          serial_bayou_shore_b
Lair:3:   layout_regular_city, shoals_dummy_entry, serial_bayou_shore_b,
          uniq_josephine
Lair:4:   layout_cave_pods, beast_lair_carwin_5
Lair:5:   guppyfry_lair_end_dragon, layout_hall_layers,
          hangedman_lair_caniforms_friends, minmay_slime_entry_oklob_enclosed,
          portal_ice_cave_entry_imps, st_stairs_7, grunt_megastairs_2,
          serial_bayou_shore_b, infiniplex_staircase_pool
Spider:1: layout_spider_delve, nicolae_spider_spiderdrome, uniq_frances
Spider:2: layout_spider_delve
Orc:1:    layout_caves, serial_shops, nicolae_shop_stone,
          ebering_ghost_disaster_area
Orc:2:    grunt_orc_tribal_feast, layout_caves, serial_shops, shop,
          maelrawn_ghost_gauntlet_escape, uniq_erolcha, uniq_snorg

Skill      XL: |  1  2  3  4  5  6  7  8  9 10 11 12 13 14 15 |
---------------+----------------------------------------------+-----
Maces & Flails | 4 5 7 8 9 11 14 | 14.2
Fighting       | 6 9 11 13 14 15 17 | 17.0
Armour         | 6 8 11 12 14 15 16 | 16.8
Dodging        | 5 8 10 11 13 14 15 | 15.4
Shields        | 3 7 9 11 13 | 13.5

Action                     |  1- 3 |  4- 6 |  7- 9 | 10-12 | 13-15 || total
---------------------------+-------+-------+-------+-------+-------++-------
  Melee: Mace              |    86 |     6 |       |       |       ||    92
         Headbutt          |     8 |    24 |    49 |    70 |   222 ||   373
         Flail             |       |   182 |   438 |   444 |   921 ||  1985
         Punch             |       |     1 |     5 |     2 |       ||     8
         Kick              |       |       |       |    32 |    12 ||    44
         Bite              |       |       |       |    13 |     7 ||    20
         Morningstar       |       |       |       |       |   206 ||   206
 Invoke: Berserk           |       |     2 |     2 |     5 |     2 ||    11
         Brothers in Arms  |       |       |       |       |     6 ||     6
  Evoke: Wand              |       |       |       |       |     2 ||     2
    Use: Scroll            |       |       |     5 |    17 |    13 ||    35
         Potion            |       |       |       |     5 |    12 ||    17
   Stab: Sleeping          |     1 |       |       |       |       ||     1
         Petrified         |       |       |       |       |     2 ||     2
         Distracted        |       |       |       |       |     2 ||     2
 Armour: Animal skin       |    30 |       |       |       |       ||    30
         Ring mail         |    10 |    85 |       |       |       ||    95
         Chain mail        |       |   100 |   278 |   279 |       ||   657
         Plate armour      |       |       |       |    26 |   897 ||   923
         Skin              |       |       |       |       |    35 ||    35
  Dodge: Dodged            |    62 |   124 |   191 |   198 |   454 ||  1029
  Block: Kite shield       |       |       |       |   229 |  1845 ||  2074

Table legend: (Time is in decaauts)
 A = Elapsed time spent in this place.
 B = Non-inter-level travel time spent in this place.
 C = Inter-level travel time spent in this place.
 D = Time resting spent in this place.
 E = Time spent auto-exploring this place.
 F = Levels seen in this place.
 G = Mean time per level.
                   A        B        C        D        E       F      G
               +--------+--------+--------+--------+--------+-----+--------+
         Total |  27002 |  25680 |   1322 |   6772 |  14033 |  24 | 1125.1 |
       Dungeon |  15595 |  14896 |    699 |   3359 |   9159 |  13 | 1199.6 |
          Lair |   6673 |   6185 |    488 |   1604 |   3222 |   5 | 1334.6 |
   Spider Nest |   2149 |   2125 |     24 |   1298 |    445 |   2 | 1074.5 |
  Orcish Mines |   1552 |   1443 |    109 |    245 |    780 |   2 |  776.0 |
         Sewer |    482 |    482 |      0 |      0 |    268 |   1 |  482.0 |
        Bailey |    548 |    548 |      0 |    264 |    158 |   1 |  548.0 |
               +--------+--------+--------+--------+--------+-----+--------+

Top non-repeatable levels by time:
     D:8: 2382 daAuts
     D:9: 2296 daAuts
  Lair:5: 2103 daAuts
Spider:1: 2083 daAuts
  Lair:4: 1737 daAuts
     D:3: 1343 daAuts
  Lair:2: 1282 daAuts
     D:2: 1265 daAuts
    D:13: 1158 daAuts
     D:6: 1158 daAuts
     D:4: 1096 daAuts
     D:7: 1034 daAuts
    D:12: 987 daAuts
     D:5: 936 daAuts
   Orc:2: 882 daAuts
